 Dungeon Crawl Stone Soup version 0.25.0-8-gfd19cd77bd (webtiles) character file.

Game seed: 12237990943289142120

5842 Elvor the Cleaver (level 10, 0/96 HPs)
             Began as a Deep Dwarf Fighter on June 16, 2020.
             Was a Priest of the Shining One.
             Slain by an orc warrior
             ... wielding a +0 glaive
              (21 damage)
             ... on level 9 of the Dungeon.
             The game lasted 01:10:35 (7197 turns).

Elvor the Cleaver (Deep Dwarf Fighter)              Turns: 7197, Time: 01:10:36

Health: 0/96       AC: 12    Str: 22    XL:     10   Next: 51%
Magic:  7/7        EV:  8    Int: 10    God:    the Shining One [***...]
Gold:   423        SH: 11    Dex: 12    Spells: 9/9 levels left

rFire    x . .     SeeInvis .   a - +0 war axe
rCold    + + .     Gourm    .   b - +0 kite shield
rNeg     + . .     Faith    .   w - +0 chain mail
rPois    .         Spirit   .   y - +0 helmet
rElec    .         Reflect  .   (no cloak)
rCorr    .         Harm     .   (no gloves)
MR       +....                  (no boots)
Stlth    ..........             t - amulet of regeneration
HPRegen  0.00/turn              F - ring of protection from cold
MPRegen  0.10/turn              o - ring of ice

@: non-regenerating, glowing
A: damage resistance, heal wounds, sense surroundings 2, no regeneration
a: Heal Wounds, Divine Shield, Renounce Religion


You were on level 9 of the Dungeon.
You worshipped the Shining One.
The Shining One was most pleased with you.
You were not hungry.

You visited 2 branches of the dungeon, and saw 10 of its levels.

You collected 423 gold pieces.

Inventory:

Hand Weapons
 a - a +0 war axe (weapon)
 z - a +0 longbow
 I - a +2 long sword of holy wrath
 P - a +0 trident of venom
Missiles
 d - 17 poisoned darts
 r - 2 silver boomerangs
 E - 3 boomerangs (quivered)
Armour
 b - a +0 kite shield (worn)
 w - a +0 chain mail (worn)
 y - a +0 helmet (worn)
 J - +0 swamp dragon scales
Jewellery
 o - a ring of ice (right hand)
 t - an amulet of regeneration (around neck)
 v - an uncursed ring of resist corrosion
 F - a ring of protection from cold (left hand)
Wands
 x - a wand of disintegration (11)
 A - a wand of paralysis (11)
 D - a wand of polymorph (8)
 O - a wand of digging (2)
Scrolls
 g - 3 scrolls of fear
 i - 2 scrolls of magic mapping
 j - 2 scrolls of amnesia
 m - 5 scrolls of remove curse
 n - 3 scrolls of noise
 p - a scroll of teleportation
 q - 3 scrolls of fog
 u - 3 scrolls of blinking
 B - a scroll of enchant armour
 H - a scroll of random uselessness {unknown}
 N - a scroll of enchant weapon {unknown}
Potions
 c - 2 potions of stabbing
 e - a potion of ambrosia {unknown}
 h - a potion of invisibility {unknown}
 k - a potion of haste {unknown}
 l - 4 potions of curing
 s - a potion of berserk rage {unknown}
 C - a potion of cancellation {unknown}
 G - 2 potions of resistance
 K - a potion of lignification {unknown}
 L - a potion of magic {unknown}
Comestibles
 f - 21 rations
 M - 4 chunks of flesh


   Skills:
 * Level 7.8 Fighting
 + Level 10.9 Axes
 + Level 8.1 Armour
 + Level 3.1 Dodging
 + Level 7.2 Shields
 + Level 0.8 Invocations
 + Level 1.0 Evocations


You had 9 spell levels left.
You didn't know any spells.
Your spell library was empty.

Dungeon Overview and Level Annotations

Branches:
Dungeon (9/15)             Temple (1/1) D:5            Lair (0/6) D:9
    Orc: D:9-12

Altars:
Ashenzari
Cheibriados
Dithmenos
Fedhas
Gozag
Hepliaklqana
Kikubaaqudgha
Makhleb
Nemelex Xobeh
Okawaru
Qazlal
Ru
Sif Muna
Trog
Uskayaw
Vehumet
Wu Jian
Xom
Yredelemnul
Zin
The Shining One

Shops:
D:6 =


Innate Abilities, Weirdness & Mutations

You are resistant to damage.
You can heal yourself by infusing magical energy.
You passively map the area around you.
You do not regenerate.


Message History

* * * LOW HITPOINT WARNING * * *
The orc warrior throws a boomerang.
The boomerang hits you but does no damage.
The weapon returns to the orc warrior!
The orc warrior throws a boomerang.
The boomerang hits you but does no damage.
The weapon returns to the orc warrior!
You block the orc warrior's attack.
The orc warrior hits you with a +0 glaive!
* * * LOW HITPOINT WARNING * * *
You slash the orc warrior!
The orc warrior is moderately wounded.
You hit the orc warrior.
The orc warrior is heavily wounded.
The orc wizard mumbles some strange words.
The orc wizard blinks!
The orc warrior barely misses you.
You hit the orc warrior.
The orc warrior is heavily wounded.
The orc warrior hits you with a +0 glaive!!
You die...

* ## ** 8 ##8#* , *
..#...# ,
,o.o....## ,
,..oo....# , ,,
.oo...oo# , * , ,
#.# * * *
#o######## ** *
#§oo@....#
#####....#
#....########
#...........#
####...).......#
#.......)......[###
#####.............#
###.###.#####.###
#.# #.# #..#.


You could see 2 orc warriors and an orc.

Vanquished Creatures
  A centaur warrior (D:8)
  A cyclops (D:8)
  An elephant (D:8)
  Maggie (D:8)
  A yak (D:9)
  A hungry ghost (D:7)
  A water moccasin (D:7)
  2 orc warriors
  An ice beast (D:6)
  A black bear (D:8)
  3 sky beasts
  4 ogres
  3 phantoms
  A centaur (D:5)
  2 crocodiles (D:9)
  2 bullfrogs (D:8)
  2 scorpions
  3 jellies
  9 killer bees
  4 wights (D:7)
  2 electric eels (D:7)
  2 howler monkeys (D:8)
  2 crimson imps
  2 bullfrog zombies
  10 orc priests
  A bullfrog skeleton (D:5)
  5 hounds
  10 orc wizards
  An iguana (D:7)
  6 worker ants
  A mummy (D:9)
  A worker ant zombie (D:8)
  9 gnolls
  5 adders
  An adder zombie (D:5)
  A dart slug (D:1)
  2 worms
  3 leopard geckos
  35 orcs
  8 bats
  7 giant cockroaches
  10 goblins
  8 hobgoblins
  15 jackals
  6 kobolds
  3 quokkas (D:4)
  A ball python (D:1)
  6 frilled lizards
  2 leopard gecko skeletons
  8 rats
217 creatures vanquished.

Notes
Turn   | Place    | Note
-------+----------+-------------------------------------------
     0 | D:1      | Elvor the Deep Dwarf Fighter began the quest for the Orb.
     0 | D:1      | Reached XP level 1. HP: 20/20 MP: 1/1
   142 | D:1      | You fall into a shaft and drop 1 floor!
   203 | D:2      | Reached XP level 2. HP: 20/27 MP: 2/2
   302 | D:2      | Found an ancient bone altar of Kikubaaqudgha.
   660 | D:1      | Reached XP level 3. HP: 21/33 MP: 3/3
  1354 | D:2      | Noticed a scorpion
  1368 | D:2      | Killed a scorpion
  1368 | D:2      | Reached skill level 3 in Axes
  1368 | D:2      | Reached XP level 4. HP: 34/42 MP: 4/4
  1572 | D:2      | Found a glowing silver altar of Zin.
  1746 | D:3      | Reached skill level 1 in Dodging
  1792 | D:3      | Found a glowing golden altar of the Shining One.
  1814 | D:3      | Reached XP level 5. HP: 49/49 MP: 4/4
  1989 | D:3      | Found a hazy altar of Hepliaklqana.
  2080 | D:3      | Became a worshipper of the Shining One
  2282 | D:3      | Reached skill level 4 in Axes
  2697 | D:4      | Reached XP level 6. HP: 41/56 MP: 5/5
  2910 | D:4      | Reached skill level 5 in Axes
  3433 | D:5      | Entered Level 5 of the Dungeon
  3496 | D:5      | Found a staircase to the Ecumenical Temple.
  3501 | Temple   | Entered the Ecumenical Temple
  3654 | D:5      | Reached * piety under the Shining One
  3757 | D:5      | Reached XP level 7. HP: 37/64 MP: 6/6
  4014 | D:5      | Found a blossoming altar of Fedhas.
  4014 | D:5      | Found a basalt altar of Yredelemnul.
  4083 | D:5      | Reached skill level 5 in Armour
  4091 | D:5      | Reached skill level 6 in Axes
  4130 | D:5      | Found an opulent altar of Gozag.
  4299 | D:5      | Found a burning altar of Makhleb.
  4503 | D:6      | Found Bofral's Jewellery Emporium.
  4547 | D:6      | Reached skill level 5 in Shields
  4607 | D:6      | Reached ** piety under the Shining One
  4613 | D:6      | Reached skill level 5 in Fighting
  4657 | D:6      | Reached XP level 8. HP: 55/74 MP: 7/7
  4780 | D:6      | Reached skill level 7 in Axes
  4782 | D:6      | Found a shimmering blue altar of Sif Muna.
  5126 | D:7      | Reached skill level 8 in Axes
  5173 | D:7      | HP: 2/76 [electric eel/bolt of electricity (3)]
  5177 | D:7      | The Shining One protects you from harm!
  5294 | D:7      | Gained mutation: You passively map the area around you.
                  | [Deep Dwarf growth]
  5294 | D:7      | Reached XP level 9. HP: 12/82 MP: 8/8
  5689 | D:8      | Found a sacrificial altar of Ru.
  5768 | D:8      | Noticed a cyclops
  5791 | D:8      | Killed a cyclops
  5791 | D:8      | Reached skill level 9 in Axes
  6082 | D:8      | Noticed Maggie
  6101 | D:8      | Killed Maggie
  6514 | D:8      | Reached skill level 1 in Evocations
  6644 | D:8      | Found a sparkling altar of Nemelex Xobeh.
  6644 | D:8      | Found a transporter.
  6644 | D:8      | Noticed a centaur warrior
  6659 | D:8      | Reached skill level 10 in Axes
  6665 | D:8      | Killed a centaur warrior
  6665 | D:8      | Reached XP level 10. HP: 68/94 MP: 2/8
  6737 | D:9      | Found a hide-covered altar of Uskayaw.
  6926 | D:9      | Found a staircase to the Lair.
  6926 | D:9      | Noticed an elephant
  6926 | D:9      | Reached *** piety under the Shining One
  6976 | D:8      | Killed an elephant
  7083 | D:9      | Found a snail-covered altar of Cheibriados.
  7197 | D:9      | Slain by an orc warrior

Illustrated notes

Levels and vault maps discovered:
D:1:      eino_arrival_cavern_e, layout_basic, minivault_4, st_stairs_11,
          minmay_distorted
D:2:      layout_loops_ring, kiku_gazebo_garden_becter,
          nicolae_overflow_hidden_temple, first_ration
D:3:      layout_basic, lemuel_crystal_altar, tso_metal_star
D:4:      layout_gridville
D:5:      layout_loops_ring, kennysheep_little_box, lightli_temple_of_fire,
          gammafunk_temple_overflow_pools, temple_doors_cd, grunt_ministairs_13
D:6:      layout_rooms, lemuel_coloured_pillars_altar, serial_shops,
          nicolae_shop_statue_plus, ebering_dispersal_statue_hall
D:7:      layout_basic, serial_bayou_lake_a
D:8:      layout_basic, kennysheep_mini_moat, nicolae_ru_sacrificial_ziggurat,
          grunt_ogre_cave, grunt_nemelex_the_gamble, uniq_maggie
D:9:      layout_rooms, slow_altar_2, eat_drink_and_be_merry_uskayaw,
          david_lair_generic, david_orc_4, serial_glass, glass_columns_b,
          glass_columns_b
Temple:   jpeg_temple_island

Skill      XL: |  1  2  3  4  5  6  7  8  9 10 |
---------------+-------------------------------+-----
Fighting       | 3 4 5 6 7 |  7.8
Axes           | 3 4 5 6 8 10 | 10.9
Armour         | 4 5 6 7 8 |  8.1
Shields        | 4 5 6 7 |  7.2
Dodging        | 1 2 3 |  3.1
Evocations     | 1 |  1.0
Invocations    | |  0.8

Action                   |  1- 3 |  4- 6 |  7- 9 | 10-12 || total
-------------------------+-------+-------+-------+-------++-------
Melee: War axe           |   144 |   176 |   365 |   121 ||   806
Invok: Divine Shield     |       |       |     3 |       ||     3
 Abil: Heal Wounds       |     1 |     2 |    12 |     4 ||    19
Evoke: Wand              |       |       |     3 |       ||     3
  Use: Scroll            |       |     9 |     6 |       ||    15
       Potion            |       |     1 |     3 |       ||     4
  Eat: Chunk             |     2 |     8 |    10 |     1 ||    21
       Ration            |       |       |     2 |       ||     2
Armor: Scale mail        |    83 |       |       |       ||    83
       Chain mail        |    10 |   100 |   131 |    51 ||   292
Dodge: Dodged            |    42 |    34 |    69 |    38 ||   183
Block: Kite shield       |    94 |    91 |   183 |    69 ||   437
